[Event "Turkey IS Bank Super League 2017"]
[Site "Darica-Kocaeli"]
[Date "2017.07.30"]
[Round "5"]
[White "Yassibag, Ipek Asli"]
[Black "Sade, Defne"]
[Result "1/2-1/2"]
[ECO "C53"]
[WhiteElo "1880"]
[BlackElo "1654"]
[Annotator "NA"]
[PlyCount "154"]
[EventType "team-tourn"]
[EventCountry "TUR"]
[SourceTitle "playchess.com"]
[Source "ChessBase"]
[SourceQuality "1"]
[TimeControl "40/5400+30:1800+30"]

1. e4 e5 2. Nf3 Nc6 3. Bc4 Bc5 4. O-O d6 5. c3 Bb6 6. d4 Bg4 7. d5 Nce7 8. h3 $11 Bd7 9. a4 a6 10. a5 Ba7 11. b4 Nf6 12. Bd3 O-O 13. c4 Ng6 14. Nc3 Nh5 15. Ne2 Qc8 16. Kh2 h6 17. Ra3 Re8 18. Rc3 Qd8 19. c5 Nh4 20. Nxh4 Qxh4 21. Ng1 g6 22. Nf3 Qe7 23. c6 bxc6 24. dxc6 Bc8 25. Bxh6 d5 26. Rb3 dxe4 27. Bxe4 Be6 28. Rb2 Bc4 29. Bg5 Qe6 30. Re1 f5 31. Bb1 e4 32. Qd7 Qd6+ 33. Qxd6 cxd6 34. Nh4 Kh7 35. Ba2 d5 36. Bxc4 dxc4 37. Rc1 c3 38. Rbc2 Bd4 39. Rd1 Be5+ 40. Kg1 Rac8 41. Rd7+ Ng7 42. f4 exf3 43. Nxf3 Rxc6 44. Nxe5 Rxe5 45. Be7 Re1+ 46. Kh2 Kg8 47. Bc5 Ne6 48. Rxc3 Nxc5 49. Rxc5 Rxc5 50. bxc5 Rc1 51. Rd6 Kf7 52. Rxa6 Rxc5 53. Ra8 Rc3 54. a6 Ra3 55. a7 Kg7 56. h4 Kh7 57. Kg1 Ra2 58. Kh2 Ra3 59. g3 Kg7 60. Kg2 Kh7 61. Kf2 Kg7 62. Ke2 Kh7 63. Kd2 Kg7 64. Kc2 Kh7 65. Kb2 Ra6 66. Kc3 Kg7 67. Kd4 Ra5 68. Kc4 Ra1 69. Kb5 Rb1+ 70. Kc5 Rc1+ 71. Kd6 Rd1+ 72. Ke5 Re1+ 73. Kf4 Re4+ 74. Kf3 Ra4 75. Ke3 Kh7 76. Kd3 Kg7 77. Kc3 Kh7 1/2-1/2

[Event "Turkey IS Bank Super League 2017"]
[Site "Darica-Kocaeli"]
[Date "2017.07.30"]
[Round "5"]
[White "Ayan, Bengu Sena"]
[Black "Yurdakul, Didem Nuray"]
[Result "1-0"]
[ECO "E09"]
[WhiteElo "1862"]
[BlackElo "1697"]
[Annotator "NA"]
[PlyCount "69"]
[EventType "team-tourn"]
[EventCountry "TUR"]
[SourceTitle "playchess.com"]
[Source "ChessBase"]
[SourceQuality "1"]
[TimeControl "40/5400+30:1800+30"]

1. d4 d5 2. c4 e6 3. Nf3 Nf6 4. g3 Be7 5. Bg2 O-O 6. O-O c6 7. Qc2 Nbd7 8. Nbd2 b6 9. e4 Bb7 10. b3 $11 {[%emt 0:16:30] LiveBook: 119 Games} Rc8 11. e5 Ne8 12. Bb2 Rc7 13. Rac1 c5 14. Qb1 Qa8 15. Ba3 dxc4 16. bxc4 Qd8 17. Rfe1 cxd4 18. Bxe7 Qxe7 19. Nxd4 Bxg2 20. Kxg2 Nc5 21. N2b3 Rc8 22. Nxc5 Rxc5 23. Qe4 a6 24. a4 Qa7 25. f3 Nc7 26. Nb3 f5 27. exf6 Rf5 28. fxg7 Kxg7 29. Nd4 R5f6 30. Nc6 Qa8 31. Qg4+ Kh8 32. Ne5 Qe8 33. Qd4 Qa8 34. Re3 Qd8 35. Nf7+ 1-0

[Event "Turkey IS Bank Super League 2017"]
[Site "Darica-Kocaeli"]
[Date "2017.07.30"]
[Round "5"]
[White "Kargaci, Humeyra"]
[Black "Avramidou, Anastasia"]
[Result "0-1"]
[ECO "E18"]
[WhiteElo "1737"]
[BlackElo "2247"]
[Annotator "NA"]
[PlyCount "92"]
[EventType "team-tourn"]
[EventCountry "TUR"]
[SourceTitle "playchess.com"]
[Source "ChessBase"]
[SourceQuality "1"]
[TimeControl "40/5400+30:1800+30"]

1. d4 Nf6 2. Nf3 e6 3. c4 b6 4. Nc3 Bb7 5. g3 d5 6. cxd5 exd5 7. Bg2 Be7 8. Bf4 O-O 9. O-O Na6 10. Rc1 Re8 11. Qc2 c6 12. Rfd1 Nc7 13. Nh4 $11 Ne6 14. Nf5 Nxf4 15. Nxe7+ Qxe7 16. gxf4 Ng4 17. h3 Nh6 18. e3 Qh4 19. Ne2 Re6 20. f5 Rf6 21. Ng3 Re8 22. e4 Bc8 23. e5 Bxf5 24. Nxf5 Rxf5 25. Qxc6 Qxf2+ 26. Kh1 Rf8 27. Qxd5 Rg5 28. Rf1 Qxb2 29. Rc7 g6 30. Rxa7 Rf5 31. Rxf5 Nxf5 32. e6 Qc1+ 33. Kh2 Qf4+ 34. Kg1 Qe3+ 35. Kh2 fxe6 36. Qd7 Qf4+ 37. Kg1 Qxd4+ 38. Qxd4 Nxd4 39. Rb7 b5 40. Rd7 Ne2+ 41. Kh1 Rf2 42. Bc6 b4 43. Rb7 Nd4 44. Ba4 Nf3 45. Rb8+ Kg7 46. Rb7+ Kh6 0-1

[Event "Turkey IS Bank Super League 2017"]
[Site "Darica-Kocaeli"]
[Date "2017.07.30"]
[Round "5"]
[White "Aluc, Bulut Evrim"]
[Black "Ayazmali, Gizem"]
[Result "1-0"]
[ECO "E77"]
[WhiteElo "1699"]
[BlackElo "1849"]
[Annotator "NA"]
[PlyCount "105"]
[EventType "team-tourn"]
[EventCountry "TUR"]
[SourceTitle "playchess.com"]
[Source "ChessBase"]
[SourceQuality "1"]
[TimeControl "40/5400+30:1800+30"]

1. d4 Nf6 2. c4 g6 3. Nc3 Bg7 4. e4 d6 5. f4 c5 6. d5 O-O $11 {[%emt 0:00:00] LiveBook: 562 Games} 7. Nf3 e6 8. Be2 exd5 9. exd5 Bf5 10. O-O Re8 11. Bd3 Ne4 12. Nxe4 Bxe4 13. Bxe4 Rxe4 14. Qc2 Qe7 15. Bd2 Nd7 16. Rae1 Re8 17. Qc1 Rxe1 18. Rxe1 Qd8 19. Bc3 Nf6 20. Qb1 Re7 21. f5 Qe8 22. fxg6 hxg6 23. Rxe7 Qxe7 24. Qe1 Qxe1+ 25. Nxe1 Ng4 26. Bxg7 Kxg7 27. Nf3 Ne3 28. b3 Nd1 29. h3 Nc3 30. a4 Kf6 31. g4 g5 32. Kf2 Kg6 33. Ke3 f5 34. gxf5+ Kxf5 35. Nd2 Nd1+ 36. Kf3 Nc3 37. Ke3 Nd1+ 38. Kf3 Nc3 39. Ke3 Ke5 40. Kd3 Nd1 41. Ne4 Nb2+ 42. Ke3 Nd1+ 43. Kf3 Nb2 44. Nxg5 Nd3 45. Nf7+ Kf6 46. Nxd6 b6 47. Ne4+ Ke5 48. d6 Ke6 49. h4 Nc1 50. h5 Nxb3 51. h6 Nd4+ 52. Kf4 Kf7 53. Ng5+ 1-0

[Event "Turkey IS Bank Super League 2017"]
[Site "Darica-Kocaeli"]
[Date "2017.07.30"]
[Round "5"]
[White "Agirsoy, Omer Faruk"]
[Black "Gulden, Egemen"]
[Result "1-0"]
[ECO "C76"]
[WhiteElo "1678"]
[BlackElo "2044"]
[Annotator "NA"]
[PlyCount "83"]
[EventType "team-tourn"]
[EventCountry "TUR"]
[SourceTitle "playchess.com"]
[Source "ChessBase"]
[SourceQuality "1"]
[TimeControl "40/5400+30:1800+30"]

1. e4 e5 2. Nf3 Nc6 3. Bb5 a6 4. Ba4 d6 5. c3 Bd7 $14 {[%emt 0:00:30] LiveBook: 854 Games} 6. O-O Nge7 7. d4 g6 8. Be3 Bg7 9. Nbd2 O-O 10. Bb3 h6 11. h3 Qc8 12. Re1 b6 13. a3 Nd8 14. Qe2 Ne6 15. dxe5 dxe5 16. Nc4 Nc6 17. Rad1 b5 18. Ncd2 Ncd8 19. Nf1 Kh7 20. Qd2 Be8 21. N1h2 f5 22. exf5 gxf5 23. Bc2 e4 24. Nh4 Bc6 25. Qe2 Nb7 26. f3 Nd6 27. fxe4 fxe4 28. Ng4 Qe8 29. Bxh6 Bxh6 30. Rxd6 cxd6 31. Bxe4+ Bxe4 32. Qxe4+ Kg7 33. Nxh6 Kxh6 34. Nf5+ Kg5 35. Qg4+ Kf6 36. Nxd6 Qd7 37. Ne4+ Kf7 38. Ng5+ Ke7 39. Nxe6 Qd2 40. Qh4+ Kd6 41. Nxf8 Rxf8 42. Qe7+ 1-0